 Dungeon Crawl Stone Soup version 0.23.1 (webtiles) character file.

Game seed: 6891489171061676611

59 Nekros the Grave Robber (level 3, -5/24 HPs)
             Began as a Vampire Necromancer on Mar 8, 2019.
             Slain by a kobold
             ... wielding a +0 trident
              (7 damage)
             ... on level 2 of the Dungeon.
             The game lasted 00:10:20 (1242 turns).

Nekros the Grave Robber (Vampire Necromancer)       Turns: 1242, Time: 00:10:21

Health: -5/24      AC:  2    Str:  7    XL:     3   Next: 78%
Magic:  0/7        EV: 13    Int: 18    God:
Gold:   76         SH:  0    Dex: 14    Spells: 5/7 levels left

rFire    . . .     SeeInvis +   m - +0 spear
rCold    . . .     Gourm    .   (no shield)
rNeg     + . .     Faith    .   a - +0 robe
rPois    .         Spirit   .   (no helmet)
rElec    .         Reflect  .   (no cloak)
rCorr    .         Harm     .   (no gloves)
MR       .....                  (no boots)
Stlth    ++........             (no amulet)
HPRegen  0.08/turn              (no ring)
MPRegen  0.10/turn              (no ring)

@: lethally poisoned (-5 -> -6)
A: fangs 3, see invisible, unbreathing
a: Bat Form


You were on level 2 of the Dungeon.
You were not thirsty.

You visited 1 branch of the dungeon, and saw 2 of its levels.

You collected 76 gold pieces.

Inventory:

Hand Weapons
 m - a +0 spear (weapon)
Armour
 a - a +0 robe (worn)
 l - a +2 helmet of intelligence
Jewellery
 j - a +1 ring of slaying {unknown}
 k - an uncursed ring of flight {unknown}
Scrolls
 b - 3 scrolls of teleportation {unknown}
 e - a scroll of amnesia {unknown}
 f - 2 scrolls of random uselessness {unknown}
 g - a scroll of fear {unknown}
 i - 2 scrolls of identify {unknown}
 n - a scroll of magic mapping {unknown}
Potions
 c - a potion of blood
 d - 3 potions of curing {unknown}
 h - a potion of haste {unknown}


   Skills:
 - Level 2.3 Dodging
 - Level 3.2 Stealth
 + Level 2.9 Spellcasting
 + Level 5.2 Necromancy


You had 5 spell levels left.
You knew the following spells:

 Your Spells              Type           Power        Failure   Level  Hunger
a - Pain                  Necr           ###.         1%          1    None
b - Animate Skeleton      Necr           N/A          1%          1    None

Your spell library contained the following spells:

 Spells                   Type           Power        Failure   Level  Hunger
 Vampiric Draining        Necr           ###.......   5%          3    ###....
 Regeneration             Chrm/Necr      ##........   17%         3    ###....
 Animate Dead             Necr           N/A          19%         4    ####...


Dungeon Overview and Level Annotations

Branches:
Dungeon (2/15)

Altars:


Innate Abilities, Weirdness & Mutations

You have razor-sharp teeth.
You have supernaturally acute eyesight. (SInv)
You can survive without breathing.


Message History

You feel sick.
You feel sick.
A kobold is nearby!
The kobold barely misses you.
Casting: Pain (safe; 1% risk of failure)
Confirm with . or Enter, or press ? or * to list all spells.
Aiming: Pain (safe; 1% risk of failure)
Press: ? - help, Shift-Dir - straight line, f - kobold
Aim: a kobold, wielding a +0 trident (chance to defeat MR: 91%)
The kobold writhes in agony.
The kobold barely misses you.
Casting: Pain (safe; 1% risk of failure)
Confirm with . or Enter, or press ? or * to list all spells.
Aiming: Pain (safe; 1% risk of failure)
Press: ? - help, Shift-Dir - straight line, f/p - kobold
Aim: a kobold, wielding a +0 trident (moderately wounded, chance to defeat MR: 91%)
The kobold barely resists.
* * * LOW HITPOINT WARNING * * *
You feel sick.
The kobold hits you from afar with a +0 trident!
You die...

#.######.....##.# #.#
#.........# #.#
#......##.... #
#.#####.........###
#.###......).#.######
#.^....####..#.#
#.###...###..#K#
#........)...#.#
#.###...##...#@# #. #
# #.####.###...#.#
#.#.#.
#............#.#######
#.##.##
#.####........#......#
##..... #.###..##.#
##.###...#.# #.#
#..##.####...#.#.#..##
#.#
#....................<
#.#
#.##.#####...#.#.#..##
... .. #. ##.###..%#.#


You could see a kobold.

Vanquished Creatures
  An adder (D:2)
  An ooze (D:1)
  A dart slug (D:1)
  A leopard gecko (D:1)
  5 bats
  2 giant cockroaches (D:1)
  2 goblins (D:1)
  6 hobgoblins
  5 jackals
  6 kobolds (D:1)
  4 frilled lizards
  5 rats (D:1)
39 creatures vanquished.

Vanquished Creatures (collateral kills)
  A goblin (D:1)
  A hobgoblin (D:1)
  A jackal (D:1)
  A kobold (D:1)
4 creatures vanquished.

Grand Total: 43 creatures vanquished

Notes
Turn   | Place    | Note
-------+----------+-------------------------------------------
     0 | D:1      | Nekros the Vampire Necromancer began the quest for the Orb.
     0 | D:1      | Reached XP level 1. HP: 13/13 MP: 3/3
   227 | D:1      | Learned a level 1 spell: Animate Skeleton
   271 | D:1      | Reached XP level 2. HP: 18/19 MP: 3/5
   598 | D:1      | Reached skill level 5 in Necromancy
   746 | D:1      | Reached XP level 3. HP: 14/24 MP: 0/6
  1242 | D:2      | Slain by a kobold

Skill      XL: |  1  2 |
---------------+-------+-----
Necromancy     | 5 |  5.2
Dodging        | |  2.3
Stealth        | |  3.2
Spellcasting   | |  2.9

Action                   || total
-------------------------++-------
Melee: Unarmed           ||    11
       Bite              ||     3
       Spear             ||     3
 Cast: Pain              ||    60
       Animate Skeleton  ||    10
 Stab: Sleeping          ||     1
  Eat: Corpse            ||     6
Armor: Robe              ||     4
Dodge: Dodged            ||    33
